 Dungeon Crawl Stone Soup version 0.30.1-11-g7821555f0a (webtiles) character file.

Game seed: 11860178218733229222

115 Ijustatesigmund the Firebug (level 5, -5/29 HPs)
             Began as a Tengu Fire Elementalist on Dec 14, 2023.
             Slain by an ice beast (14 damage)
             ... on level 3 of the Dungeon.
             The game lasted 00:05:26 (3234 turns).

Ijustatesigmund the Firebug (TeFE)                  Turns: 3234, Time: 00:05:27

Health: -5/29      AC:  2    Str:  8    XL:     5   Next: 0%
Magic:  1/11       EV: 14    Int: 17    God:
Gold:   114        SH:  0    Dex: 15    Spells: 3/10 levels left

rFire   . . .        f - +0 short sword
rCold   . . .        (no shield)
rNeg    . . .        a - +0 robe
rPois   .            (helmet restricted)
rElec   .            (no cloak)
rCorr   .            (no gloves)
SInv    .            (boots unavailable)
Will    .....        (no amulet)
Stlth   ++           (no ring)
HPRegen 0.24/turn    (no ring)
MPRegen 0.12/turn

%: no passive effects
@: flying quickly and evasively, quick
A: beak, talons 3, nimble flight
a: no special abilities


You were on level 3 of the Dungeon.
You visited 1 branch of the dungeon, and saw 3 of its levels.

You collected 114 gold pieces.

Inventory:

Hand Weapons
 f - a +0 short sword (weapon)
Armour
 a - a +0 robe (worn)
Jewellery
 c - a ring of resist corrosion
 h - a +6 ring of intelligence
Scrolls
 e - a scroll of silence {unknown}
 j - a scroll of immolation {unknown}
 l - a scroll of identify {unknown}
 m - a scroll of brand weapon {unknown}
 n - a scroll of poison {unknown}
Potions
 b - 3 potions of magic
 d - a potion of resistance {unknown}
 g - a potion of curing {unknown}
 i - a potion of attraction {unknown}
 k - 2 potions of heal wounds {unknown}


   Skills:
 - Level 1.0 Fighting
 - Level 2.1 Dodging
 - Level 2.0 Stealth
 + Level 3.4 Spellcasting
 * Level 1.4 Conjurations
 + Level 4.7 Fire Magic


You had 3 spell levels left.
You knew the following spells:

 Your Spells              Type           Power      Damage    Failure   Level
a - Foxfire               Conj/Fire      52%        2x1d6     4%          1
b - Scorch                Fire           36%        2d7       3%          2
c - Flame Wave            Conj/Fire      13%        2d6       43%         4

Your spell library contained the following spells:

 Spells                   Type           Power      Damage    Failure   Level
 Sandblast                Erth           4%         2d4       17%         1
 Inner Flame              Hex/Fire       10%        N/A       19%         3
 Volatile Blastmotes      Fire/Tloc      20%        2d11      19%         3
 Passwall                 Tmut/Erth      1%         N/A       26%         2
 Stone Arrow              Conj/Erth      10%        3d7       36%         3


Dungeon Overview and Level Annotations

Branches:
Dungeon (3/15)

Altars:

Annotations:
D:3 Sigmund


Innate Abilities, Weirdness & Mutations

You have a beak for a mouth.
You have claws for feet.
Your magical nature lets you fly swiftly and evasively.


Message History

The endoplasm is almost dead.
Casting: Foxfire (safe; 4% risk of failure)
Confirm with . or Enter, or press ? or * to list all spells.
You conjure some foxfire!
The ball python hisses angrily.
The foxfire hits the ball python.
You kill the ball python!
The foxfire hits the endoplasm.
You kill the endoplasm!
You have reached level 5!
Your magical nature develops, letting you fly swiftly and evasively.
Casting: Foxfire (safe; 4% risk of failure)
Confirm with . or Enter, or press ? or * to list all spells.
You miscast Foxfire.
You are very lightly contaminated with residual magic.
Nothing appears to happen.
Casting: Foxfire (safe; 4% risk of failure)
Confirm with . or Enter, or press ? or * to list all spells.
You conjure some foxfire!
The foxfire hits the ice beast.
The ice beast melts!
The ice beast is lightly wounded.
The foxfire hits the ice beast.
The ice beast melts!
The ice beast is moderately wounded.
Casting: Foxfire (safe; 4% risk of failure)
Confirm with . or Enter, or press ? or * to list all spells.
Flames lash the ice beast.
The ice beast melts!
The ice beast is severely wounded.
The ice beast's fire resistance burns away.
Casting: Scorch (safe; 3% risk of failure)
Confirm with . or Enter, or press ? or * to list all spells.
Flames lash the ice beast but do no damage.
The ice beast misses you.
Your magical contamination has completely faded away.
Casting: Scorch (safe; 3% risk of failure)
Confirm with . or Enter, or press ? or * to list all spells.
Flames lash the ice beast.
The ice beast melts!
The ice beast is severely wounded.
The ice beast hits you. The ice beast freezes you! The ice beast hits you.
The ice beast freezes you!
You die...

......#
#.....# .
#.....# ..
#.....#
...###.....#
...........#
...........#
......Y@...#
...........#
...........#
............#
............#
............#
.#..........#
#..........#


You could see an ice beast (combustible).

Vanquished Creatures
  Terence (D:2)
  2 adders (D:2)
  A worm (D:2)
  2 dart slugs (D:2)
  3 bats (D:1)
  9 endoplasms
  2 giant cockroaches (D:1)
  4 goblins (D:1)
  4 hobgoblins
  8 jackals
  2 quokkas (D:1)
  5 ball pythons
  3 frilled lizards
  7 kobolds
  7 rats
60 creatures vanquished.

Vanquished Creatures (others)
  179 foxfires
179 creatures vanquished.

Grand Total: 239 creatures vanquished

Notes
Turn   | Place    | Note
-------+----------+-------------------------------------------
     0 | D:1      | Ijustatesigmund the Tengu Fire Elementalist began the quest
                  | for the Orb.
     0 | D:1      | Reached XP level 1. HP: 10/10 MP: 4/4
   224 | D:1      | Reached XP level 2. HP: 16/16 MP: 1/6
   421 | D:1      | Reached skill level 1 in Fighting
   672 | D:1      | Learned a level 2 spell: Scorch
  1057 | D:1      | Reached XP level 3. HP: 20/20 MP: 2/7
  1445 | D:1      | Reached skill level 4 in Fire Magic
  2077 | D:2      | Reached XP level 4. HP: 25/25 MP: 6/9
  2278 | D:2      | Noticed Terence
  2293 | D:2      | Killed Terence
  2912 | D:3      | Noticed Sigmund
  3027 | D:2      | Learned a level 4 spell: Flame Wave
  3221 | D:3      | Noticed an ice beast
  3226 | D:3      | Gained mutation: Your magical nature lets you fly swiftly
                  | and evasively. [Tengu growth]
  3226 | D:3      | Reached XP level 5. HP: 29/29 MP: 8/11
  3234 | D:3      | Slain by an ice beast

Illustrated notes

Levels and vault maps discovered:
D:1:      minmay_arrival_shattered_statue, layout_loops_ring
D:2:      layout_basic, kennysheep_generic_room_3, uniq_terence
D:3:      layout_basic, gammafunk_ghost_stat_death, uniq_grinder, uniq_sigmund

Skill      XL: |  1  2  3  4 |
---------------+-------------+-----
Fighting       | 1 |  1.0
Fire Magic     | 4 |  4.7
Spellcasting   | 3 |  3.4
Dodging        | |  2.1
Stealth        | |  2.0
Conjurations   | |  1.4

Action                     |  1- 3 |  4- 6 || total
---------------------------+-------+-------++-------
  Melee: Short sword       |    14 |     1 ||    15
         Kick              |     2 |     1 ||     3
         Unarmed           |     1 |       ||     1
         Peck              |     2 |       ||     2
   Cast: Foxfire           |    70 |    39 ||   109
         Scorch            |     9 |     8 ||    17
 Armour: Robe              |    12 |       ||    12
  Dodge: Dodged            |    23 |     7 ||    30
